 Dungeon Crawl Stone Soup version 0.32-a0-576-g706899e69d (webtiles) character file.

Game seed: 15684414516051530104

24878 hikkokomori the Blocker (level 12, -16/108 HPs)
             Began as a Mountain Dwarf Cinder Acolyte on Mar 1, 2024.
             Was a High Priest of Ignis.
             Killed from afar by a kobold blastminer (24 damage)
             ... with an iron shot
             ... on level 2 of the Orcish Mines.
             The game lasted 00:33:44 (11991 turns).

hikkokomori the Blocker (MDCA)                     Turns: 11991, Time: 00:33:44

Health: -16/108    AC: 28    Str: 18    XL:     12   Next: 84%
Magic:  0/19       EV:  6    Int: 22    God:    Ignis [*****.]
Gold:   1295       SH: 10    Dex:  5    Spells: 9/21 levels left

rFire   + . .        E - +8 trishula "Condemnation" {holy, anguish, *Noise Fly rN+}
rCold   . . .        M - +0 kite shield
rNeg    + . .        A - +8 orange crystal plate armour {Archmagi, Int+3 Clar}
rPois   .            X - +2 hat
rElec   .            a - scarf {+Inv}
rCorr   .            (no gloves)
SInv    .            (no boots)
Will    +....        i - amulet of guardian spirit Stlth
                     d - +5 ring of evasion
HPRegen 0.38/turn    t - +4 ring of slaying
MPRegen 0.16/turn

%: clarity, guardian spirit, archmagi
@: flying
A: runic magic, artefact enchanting
a: Renounce Religion, Evoke Invisibility, Fiery Armour, Foxfire Swarm, Rising
Flame


You were on level 2 of the Orcish Mines.
You worshipped Ignis.
Ignis was extremely pleased with you.
You visited 3 branches of the dungeon, and saw 15 of its levels.
You also visited: Sewer and Gauntlet.

You collected 1295 gold pieces.

Inventory:

Hand Weapons
 c - a +1 demon trident of draining
 o - the +9 spear of Pahythy {flame, rC+ Int+3}
   (You found it on level 2 of the Dungeon)

   Int+3:     It affects your intelligence (+3).
   rC+:       It protects you from cold.
 E - the +8 trishula "Condemnation" (weapon) {holy, anguish, *Noise Fly rN+}
   (You found it in a Gauntlet)

   rN+:       It protects you from negative energy.
   Fly:       It grants you flight.
   *Noise:    It may make a loud noise when swung.
Missiles
 l - a throwing net
 w - 19 poisoned darts
 Y - 6 silver javelins
Armour
 a - a scarf of invisibility (worn)
 A - the +8 orange crystal plate armour (worn) {Archmagi, Int+3 Clar}
   (You found it in a Gauntlet)

   Int+3:     It affects your intelligence (+3).
   Clar:      It protects you from confusion, rage, mesmerisation and fear.
 H - the +3 leather armour of the Good {rCorr Int+3 Stlth+}
   (You found it on level 6 of the Dungeon)

   Int+3:     It affects your intelligence (+3).
   rCorr:     It protects you from acid and corrosion.
   Stlth+:    It makes you more stealthy.
 L - the +6 chain mail of Caotre {rPois Dex+6 Stlth-}
   (You found it on level 7 of the Dungeon)

   Dex+6:     It affects your dexterity (+6).
   rPois:     It protects you from poison.
   Stlth-:    It makes you less stealthy.
 M - a +0 kite shield (worn)
 Q - the +3 hat of Pondering {ponderous, Will+ MP+10 Int+5}
   (You took it off Gastronok on level 9 of the Dungeon)

   Int+5:     It affects your intelligence (+5).
   Will+:     It increases your willpower.
   MP+10:     It affects your magic capacity (+10).
 U - a +1 cloak of willpower
 X - a +2 hat (worn)
Jewellery
 d - a +5 ring of evasion (left hand)
 i - an amulet of guardian spirit (around neck)
 t - a +4 ring of slaying (right hand)
 y - a ring of protection from cold
 I - an amulet of regeneration
 N - a +5 ring of evasion
 T - a ring of protection from cold
 W - a ring of positive energy
Wands
 n - a wand of warping (10)
 x - a wand of flame (33)
 O - a wand of mindburst (17)
 P - a wand of paralysis (14)
Scrolls
 e - 4 scrolls of fear {unknown}
 f - 2 scrolls of revelation
 j - 4 scrolls of teleportation
 k - a scroll of butterflies {unknown}
 m - 4 scrolls of immolation
 u - a scroll of blinking
 v - 2 scrolls of enchant weapon {unknown}
 z - a scroll of poison {unknown}
 J - a scroll of amnesia {unknown}
 R - a scroll of fog {unknown}
 S - 2 scrolls of noise {unknown}
 V - a scroll of silence {unknown}
 Z - a scroll of identify
Potions
 b - a potion of magic {unknown}
 g - a potion of invisibility {unknown}
 h - 2 potions of haste {unknown}
 p - 6 potions of curing
 q - 3 potions of degeneration
 r - 3 potions of enlightenment
 s - 2 potions of attraction
 B - 4 potions of lignification
 C - 2 potions of heal wounds {unknown}
 D - 2 potions of mutation
 F - 3 potions of might
 G - 2 potions of ambrosia
 K - a potion of experience {unknown}


   Skills:
 + Level 10.9 Fighting
 - Level 4.2 Maces & Flails
 + Level 10.7 Polearms
 + Level 6.7 Armour
 - Level 11.0 Shields
 - Level 5.0 Spellcasting
 - Level 5.0 Hexes
 - Level 4.1 Fire Magic
 - Level 3.0 Ice Magic
 + Level 8.6 Evocations


You had 9 spell levels left.
You knew the following spells:

 Your Spells              Type           Power      Damage    Failure   Level
a - Scorch                Fire           70%        2d7       22%         2
b - Kiss of Death         Conj/Necr      32%        2d7       61%         1
c - Frozen Ramparts       Ice            56%        1d9       56%         3
d - Tukima's Dance        Hex            41%        N/A       30%         3
e - Swiftness             Air            8%         N/A       93%         3

Your spell library contained the following spells:

 Spells                   Type           Power      Damage    Failure   Level
 Freeze                   Ice            100%       1d10      22%         1
 Ensorcelled Hibernation  Hex/Ice        68%        N/A       22%         2
 Sigil of Binding         Hex            41%        N/A       30%         3
 Ozocubu's Armour         Ice            28%        N/A       56%         3
 Cause Fear               Hex            20%        N/A       69%         4
 Hailstorm                Conj/Ice       18%        3d7       77%         3
 Call Canine Familiar     Summ           8%         N/A       93%         3
 Passwall                 Erth           8%         N/A       93%         3
 Anguish                  Hex/Necr       12%        N/A       95%         4
 Dimensional Bullseye     Hex/Tloc       12%        N/A       95%         4
 Metabolic Englaciation   Hex/Ice        17%        N/A       99%         5
 Iskenderun's Mystic Bla  Conj/Tloc      8%         2d4       100%        4
 Passage of Golubria      Tloc           8%         N/A       100%        4
 Yara's Violent Unravell  Hex/Alch       12%        3d7       100%        5
 Sculpt Simulacrum        Ice/Alch       9%         N/A       100%        6
 Enfeeble                 Hex            20%        N/A       100%        7
 Haunt                    Necr/Summ      4%         N/A       100%        7
 Infestation              Necr           4%         N/A       100%        8


Dungeon Overview and Level Annotations

Branches:
Dungeon (12/15)            Temple (1/1) D:5            Lair (0/5) D:10
    Orc (2/2) D:12            Elf (0/3) Orc:2         Sewer (visited)
Gauntlet (visited)

Altars:
Ashenzari
Cheibriados
Dithmenos
Elyvilon
Fedhas
Gozag
Hepliaklqana
Kikubaaqudgha
Makhleb
Nemelex Xobeh
Okawaru
Qazlal
Ru
Sif Muna
Trog
Uskayaw
Vehumet
Wu Jian
Xom
Yredelemnul
Zin
The Shining One
Beogh

Shops:
D:12 (   Orc:2 (

Annotations:
D:11 3 runed translucent doors, demibob's ghost, journeyman MDFi


Innate Abilities, Weirdness & Mutations

Your spellcasting is much less encumbered by armour.
You can use scrolls of enchantment on lesser artefacts.


Message History

You feel strangely unstable.
The orc shouts!
You hear a shout! x3
You block the orc's attack.
The kobold blastminer shoots a bolt.
You block the bolt. The orc barely misses you.
You impale the ogre!!
You kill the ogre!
The kobold blastminer shoots a bolt.
You block the bolt.
Unknown command.
You block the orc's attack.
The kobold blastminer shoots a bolt.
The bolt barely misses you.
Your surroundings suddenly seem different. 2 kobold blastminers come into view.
Found 24 gold pieces.
The kobold blastminer hits you but does no damage.
The kobold blastminer bats away at the thin smoke enveloping its cannon.
The kobold blastminer wields a +0 orcbow.
The kobold blastminer shoots an arrow.
The arrow hits you but does no damage.
The kobold blastminer wields a +0 arbalest.
The kobold blastminer shoots a bolt.
The bolt barely misses you.
Reach: E) +8 trishula "Condemnation" {holy, anguish, *Noise Fly rN+}
Press: ? - help, Dir - move target, f - kobold blastminer
Aim: a kobold blastminer, wielding a +0 arbalest (about 37% to evade the +8 trishula "Condemnation")
You reach to attack!
You impale the kobold blastminer!!
The kobold blastminer is haunted by guilt!
The kobold blastminer is heavily wounded.
An ogre comes into view. It is wielding a +0 giant club.
The kobold blastminer blasts its cannon at you.
The iron shot hits you!!
* * * LOW HITPOINT WARNING * * *
The kobold blastminer is wracked by anguish!
Aiming: Mindburst
Press: ? - help, Shift-Dir - straight line, f/p - kobold blastminer
Aim: a kobold blastminer, wielding a +0 arbalest (almost dead, anguished, chance to affect: 88%)
The kobold blastminer barely resists.
The ogre shouts!
The kobold blastminer blasts its cannon at you.
The iron shot hits you!!
You die...
Ignis goes out, and joins you in death.

#......# )......#
#........ ..$....#
#....... .......#
#.<..... ...$...#
#.......
#.)....##'#......#
#..)......O....$.##
#.^...............#
##...........# #@#
#.........>.###.#
##........K.....K.....#
##...........#########.#
#............##.._..##
.........#...#.......#
........##...#.))....#
........#....##)##...#
.......#))...#...#...#


You could see a kobold blastminer (anguished) and an ogre.

Vanquished Creatures
  Gastronok (D:9)
  A minotaur (Gauntlet)
  Josephine (D:10)
  A boulder beetle (D:11)
  4 two-headed ogres
  An ugly thing (D:11)
  An orc knight (Orc:2)
  An orc sorcerer (Orc:2)
  A cyclops (D:11)
  Maurice (D:10)
  A worldbinder (Gauntlet)
  Joseph (D:10)
  A moth of wrath (Gauntlet)
  A smoke demon (Gauntlet)
  A kobold blastminer (Orc:2)
  2 gargoyles (D:12)
  A minotaur zombie (Gauntlet)
  4 unseen horrors
  3 komodo dragons
  2 kobold demonologists
  A red devil (Gauntlet)
  2 hornets
  2 trolls (D:12)
  5 slime creatures (D:12)
  A shadow (D:11)
  2 wyverns
  7 wraiths
  12 yaks
  Grum (D:10)
  A basilisk (D:10)
  A steam dragon (D:10)
  3 redbacks (Gauntlet)
  5 vampire mosquitoes (D:11)
  An acid dragon (D:10)
  3 water moccasins
  11 orc warriors
  2 ice beasts
  5 ogres
  2 wolves (D:10)
  2 boggarts (Gauntlet)
  5 centaurs
  A kobold brigand (D:7)
  7 bullfrogs
  2 gnoll sergeants
  4 wights (D:8)
  10 killer bees
  7 howler monkeys
  3 crimson imps (Gauntlet)
  3 bombardier beetles
  3 hounds (D:5)
  2 orc priests
  2 jellies
  2 sleepcaps
  6 iguanas
  Ijyb (D:5)
  Natasha (thrice) (D:3)
  8 orc wizards
  A boggart simulacrum (D:11)
  8 gnolls
  8 adders
  9 dart slugs
  16 orcs
  12 endoplasms
  14 giant cockroaches
  2 goblins
  8 hobgoblins
  3 quokkas
  14 ball pythons
  6 bats
  11 frilled lizards
  11 kobolds
  4 rats
295 creatures vanquished.

Vanquished Creatures (others)
  A manticore (D:12)
  A kobold blastminer (Orc:1)
  2 ogres (Orc:2)
4 creatures vanquished.

Grand Total: 299 creatures vanquished

Notes
Turn   | Place    | Note
-------+----------+-------------------------------------------
     0 | D:1      | hikkokomori the Mountain Dwarf Cinder Acolyte began the
                  | quest for the Orb.
     0 | D:1      | Reached XP level 1. HP: 19/19 MP: 2/2
   295 | D:1      | Reached XP level 2. HP: 26/26 MP: 3/3
   302 | D:1      | Learned a level 2 spell: Scorch
   400 | D:1      | Got the Parchment of Graupel and Ectoplasm
   403 | D:1      | Learned a level 1 spell: Kiss of Death
   821 | D:2      | Reached XP level 3. HP: 33/33 MP: 1/4
  1003 | D:2      | Identified the +9 spear of Pahythy {flame, rC+ Int+3}
  1149 | D:2      | Found a faded altar of an unknown god.
  1285 | D:3      | Noticed Natasha
  1291 | D:3      | Killed Natasha
  1310 | D:3      | Found a glowing drain.
  1316 | D:3      | Reached skill level 1 in Polearms
  1316 | D:3      | Reached XP level 4. HP: 39/40 MP: 4/6
  1324 | Sewer    | Entered a sewer
  1466 | Sewer    | Reached XP level 5. HP: 46/46 MP: 8/8
  1611 | Sewer    | Reached XP level 6. HP: 36/52 MP: 5/9
  1951 | D:3      | Reached skill level 5 in Polearms
  2019 | D:3      | Noticed Natasha
  2028 | D:3      | Killed Natasha
  2268 | D:3      | Found a sparkling altar of Nemelex Xobeh.
  2268 | D:3      | Found a shimmering blue altar of Sif Muna.
  2286 | D:3      | Noticed Natasha
  2290 | D:3      | Killed Natasha
  2436 | D:4      | Reached XP level 7. HP: 51/59 MP: 5/10
  2759 | D:4      | Found a glowing silver altar of Zin.
  2921 | D:5      | Entered Level 5 of the Dungeon
  3169 | D:5      | Found a staircase to the Ecumenical Temple.
  3183 | Temple   | Entered the Ecumenical Temple
  3306 | D:5      | Found an ornate altar of the Wu Jian Council.
  3690 | D:5      | Noticed Ijyb
  3702 | D:5      | Killed Ijyb
  3867 | D:6      | Reached XP level 8. HP: 16/66 MP: 4/11
  4045 | D:6      | Reached skill level 1 in Armour
  4045 | D:6      | Reached skill level 1 in Evocations
  4360 | D:6      | Found a hazy altar of Hepliaklqana.
  4404 | D:6      | Identified the +3 leather armour of the Good {rCorr Int+3
                  | Stlth+}
  4746 | D:6      | Reached skill level 5 in Fighting
  5139 | D:7      | Identified the +6 chain mail of Caotre {rPois Dex+6 Stlth-}
  5161 | D:7      | Reached XP level 9. HP: 75/75 MP: 12/12
  5194 | D:7      | Reached skill level 5 in Armour
  5199 | D:7      | Paralysed by a hornet for 1 turns
  5324 | D:7      | Learned a level 3 spell: Frozen Ramparts
  5389 | D:7      | Reached skill level 1 in Shields
  5450 | D:7      | Reached skill level 1 in Ice Magic
  5710 | D:8      | Noticed a two-headed ogre
  5717 | D:8      | Killed a two-headed ogre
  5718 | D:8      | Reached skill level 4 in Shields
  5765 | D:8      | Identified the +1 leather armour "Yfueleda" {*Corrode rElec
                  | rN+ Str+6}
  5780 | D:8      | Reached skill level 5 in Shields
  6025 | D:8      | Reached skill level 6 in Shields
  6229 | D:9      | Reached XP level 10. HP: 88/88 MP: 13/13
  6273 | D:9      | Reached skill level 7 in Shields
  6620 | D:9      | Reached skill level 8 in Shields
  6677 | D:9      | Noticed Gastronok
  6711 | D:9      | Killed Gastronok
  6712 | D:9      | Reached skill level 5 in Evocations
  7113 | D:10     | Entered Level 10 of the Dungeon
  7125 | D:10     | Reached skill level 5 in Spellcasting
  7129 | D:10     | Noticed a death yak
  7526 | D:10     | Reached skill level 9 in Shields
  7528 | D:10     | Noticed Josephine
  7562 | D:10     | Killed Josephine
  7563 | D:10     | Reached XP level 11. HP: 60/94 MP: 11/18
  7749 | D:10     | Noticed Maurice
  7750 | D:10     | Noticed Joseph
  7814 | D:10     | Killed Joseph
  7820 | D:10     | Killed Maurice
  7821 | D:10     | Reached skill level 10 in Shields
  8083 | D:10     | Found a staircase to the Lair.
  8134 | D:10     | Noticed Grum
  8147 | D:10     | Killed Grum
  8469 | D:11     | Found a runed translucent gate.
  8469 | D:11     | Found a runed translucent gate.
  8469 | D:11     | Found a runed translucent gate.
  8473 | D:11     | Noticed a two-headed ogre
  8488 | D:11     | Killed a two-headed ogre
  8651 | D:11     | Noticed demibob's ghost (journeyman MDFi)
  8716 | D:11     | Noticed a cyan ugly thing
  8718 | D:11     | Noticed a two-headed ogre
  8719 | D:11     | Noticed a boulder beetle
  8737 | D:11     | Killed a cyan ugly thing
  8748 | D:11     | Killed a boulder beetle
  8761 | D:11     | Killed a two-headed ogre
  8762 | D:11     | Reached skill level 11 in Shields
  8762 | D:11     | Found a shadowy altar of Dithmenos.
  8875 | D:11     | Learned a level 3 spell: Tukima's Dance
  8897 | D:11     | Reached skill level 1 in Hexes
  9334 | D:12     | Reached XP level 12. HP: 105/105 MP: 19/19
  9334 | D:12     | Found Cafonam's Weapon Boutique.
  9334 | D:12     | Found a staircase to the Orcish Mines.
  9546 | D:12     | Found a gate leading to a gauntlet.
  9552 | Gauntlet | Entered a Gauntlet
  9552 | Gauntlet | Found a transporter.
  9559 | Gauntlet | Found a transporter.
  9559 | Gauntlet | Found the +8 orange crystal plate armour {Archmagi, Int+3
                  | Clar}
  9561 | Gauntlet | Found a transporter.
  9577 | Gauntlet | Found a transporter.
  9580 | Gauntlet | Found a transporter.
  9591 | Gauntlet | Found a transporter.
  9606 | Gauntlet | Found a transporter.
  9607 | Gauntlet | Found the +8 trishula "Condemnation" {holy, anguish, *Noise
                  | Fly rN+}
  9617 | Gauntlet | Found a transporter.
  9620 | Gauntlet | Found a runed translucent door.
  9620 | Gauntlet | Found a runed translucent door.
  9624 | Gauntlet | Found a transporter.
  9624 | Gauntlet | Found a transporter.
  9637 | Gauntlet | Found a transporter.
  9637 | Gauntlet | Found a transporter.
  9656 | Gauntlet | Found a runed translucent gate.
  9657 | Gauntlet | Found a transporter.
  9657 | Gauntlet | Found a runed translucent gate.
  9658 | Gauntlet | Found a runed translucent gate.
  9662 | Gauntlet | Found a transporter.
 10131 | Gauntlet | Reached skill level 10 in Fighting
 10136 | Gauntlet | Reached skill level 10 in Polearms
 10371 | Gauntlet | Noticed a minotaur
 10383 | Gauntlet | HP: 5/106 [minotaur/staff of air (17)]
 10383 | Gauntlet | HP: 2/106 [minotaur/staff of air (3)]
 10385 | Gauntlet | Killed a minotaur
 10700 | Gauntlet | Reached skill level 5 in Hexes
 10900 | D:12     | Noticed a two-headed ogre
 10906 | D:12     | Killed a two-headed ogre
 11509 | D:12     | Learned a level 3 spell: Swiftness
 11555 | Orc:1    | Entered Level 1 of the Orcish Mines
 11756 | Orc:2    | Entered Level 2 of the Orcish Mines
 11761 | Orc:2    | Found a staircase to the Elven Halls.
 11794 | Orc:2    | Found a roughly hewn altar of Beogh.
 11817 | Orc:2    | Found Vuutiar's Weapon Shoppe.
 11991 | Orc:2    | Killed from afar by a kobold blastminer

Illustrated notes

Levels and vault maps discovered:
D:1:      dpeg_arrival_long_road, layout_loops_cross, nrook_loot_triangle
D:2:      layout_rooms, ebering_ecumenical_altar_rust, hangedman_glass_teeth,
          minmay_fountain_box
D:3:      layout_basic, gammafunk_temple_overflow_elements,
          portal_sewer_entry_d, uniq_natasha
D:4:      layout_rooms, amcnicky_altar_gilded
D:5:      layout_basic, nicolae_wu_jian_glorious_leap,
          minmay_temple_entry_junction_2, uniq_ijyb
D:6:      layout_basic, mainiacjoe_overflow_concentric_impassable
D:7:      layout_basic
D:8:      layout_cave_pools, nicolae_concentric_dashed_squares_wild
D:9:      layout_cave_pools, uniq_gastronok
D:10:     layout_basic, dpeg_lair_monsters, moated_statue, uniq_josephine,
          uniq_joseph, uniq_maurice, uniq_grum
D:11:     layout_loops_ring, gammafunk_ghost_icy, minmay_ruined_shrine
D:12:     layout_gridville, orc_david_3, gauntlet_entry_generic
Temple:   bh_familiar_temple
Orc:1:    layout_diamond_mine, uniq_erica
Orc:2:    grunt_orc_community_town_hall, layout_diamond_mine,
          grunt_orc_community_big_house_1, grunt_orc_community_big_house_2,
          grunt_orc_community_house_2, grunt_orc_community_house_3,
          grunt_orc_community_house_1, grunt_orc_community_house_2,
          grunt_orc_community_house_3, nicolae_orc_minecarts

Skill      XL: |  1  2  3  4  5  6  7  8  9 10 11 12 |
---------------+-------------------------------------+-----
Maces & Flails | 4 |  4.2
Fire Magic     | 4 |  4.1
Fighting       | 4 6 8 9 10 | 10.9
Polearms       | 1 2 4 6 8 9 10 | 10.7
Spellcasting   | 2 5 |  5.0
Armour         | 4 5 6 |  6.7
Evocations     | 4 6 8 |  8.6
Shields        | 6 9 11 | 11.0
Ice Magic      | 3 |  3.0
Hexes          | 1 5 |  5.0

Action                     |  1- 3 |  4- 6 |  7- 9 | 10-12 || total
---------------------------+-------+-------+-------+-------++-------
  Melee: Mace              |    53 |       |       |       ||    53
         Spear             |    16 |   142 |   181 |   442 ||   781
         Trishula          |       |       |       |   160 ||   160
  Throw: Dart              |       |       |       |     1 ||     1
         Throwing net      |       |       |       |     1 ||     1
   Cast: Scorch            |     7 |     1 |     2 |    17 ||    27
 Invoke: Fiery Armour      |       |       |       |     1 ||     1
  Evoke: Wand              |       |       |       |    10 ||    10
    Use: Scroll            |     1 |       |     1 |    12 ||    14
         Potion            |       |       |       |     4 ||     4
 Armour: Ring mail         |    40 |    41 |       |       ||    81
         Chain mail        |       |     9 |    79 |   217 ||   305
         Crystal plate arm |       |       |       |   221 ||   221
  Dodge: Dodged            |    62 |    94 |    55 |   127 ||   338
  Block: Kite shield       |       |       |     9 |   228 ||   237

Table legend: (Time is in decaauts)
 A = Elapsed time spent in this place.
 B = Non-inter-level travel time spent in this place.
 C = Inter-level travel time spent in this place.
 D = Time resting spent in this place.
 E = Time spent auto-exploring this place.
 F = Levels seen in this place.
 G = Mean time per level.
                   A        B        C        D        E       F      G
               +--------+--------+--------+--------+--------+-----+--------+
         Total |  11921 |  11513 |    408 |   1205 |   7925 |  17 |  701.2 |
       Dungeon |   9848 |   9456 |    392 |    531 |   7227 |  12 |  820.7 |
        Temple |      1 |      1 |      0 |      0 |      0 |   1 |    1.0 |
  Orcish Mines |    423 |    407 |     16 |      0 |    254 |   2 |  211.5 |
         Sewer |    486 |    486 |      0 |      0 |    214 |   1 |  486.0 |
      Gauntlet |   1160 |   1160 |      0 |    674 |    230 |   1 | 1160.0 |
               +--------+--------+--------+--------+--------+-----+--------+

Top non-repeatable levels by time:
     D:9: 1218 daAuts
Gauntlet: 1160 daAuts
    D:12: 1019 daAuts
     D:6: 1014 daAuts
    D:10: 912 daAuts
    D:11: 896 daAuts
     D:5: 879 daAuts
     D:3: 823 daAuts
     D:7: 805 daAuts
     D:1: 710 daAuts
     D:8: 580 daAuts
     D:2: 495 daAuts
     D:4: 493 daAuts
   Sewer: 486 daAuts
   Orc:2: 225 daAuts
